 Dungeon Crawl Stone Soup version 0.32-a0-520-g344ed53f66 (console) character file.

Game seed: 12620454624040210675

92 Banquo the Magician (level 4, -7/34 HPs)
             Began as a Djinni Air Elementalist on Feb 27, 2024.
             Was a Follower of Wu Jian.
             Shot with an arrow by a centaur (11 damage)
             ... on level 3 of the Dungeon.
             The game lasted 00:06:31 (1783 turns).

Banquo the Magician (Djinni Air Elementalist)       Turns: 1783, Time: 00:06:32

Health: -7/34      AC:  2    Str:  7    XL:     4   Next: 90%
Gold:   108        EV: 12    Int: 25    God:    Wu Jian [*.....] SH:  0 Dex: 13

rFire   + + .        k - +1 short sword (drain)
rCold   x . .        (no shield)
rNeg    . . .        a - +0 robe
rPois   ∞            (no helmet)
rElec   .            (no cloak)
rCorr   .            (no gloves)
SInv    .            (boots unavailable)
Will    .....        (no amulet)
Stlth   ++           g - +4 ring of slaying
HPRegen 0.25/turn    m - +6 ring of intelligence
MPRegen 0.00/turn

%: infuse magic (-8 HP)
@: swift, flying, very quick
A: sickness immunity, fire resistance 2, cold vulnerability 1, float, innate
caster, HP casting, extra vitality 1
a: Renounce Religion


You were on level 3 of the Dungeon.
You worshipped Wu Jian.
Wu Jian was aware of your devotion.
You visited 1 branch of the dungeon, and saw 3 of its levels.

You collected 108 gold pieces.

Inventory:

Hand Weapons
 b - a +0 mace
 k - a +1 short sword of draining (weapon)
Missiles
 i - 15 stones
Armour
 a - a +0 robe (worn)
Jewellery
 g - a +4 ring of slaying (left hand)
 m - a +6 ring of intelligence (right hand)
 o - a +6 ring of strength
Scrolls
 c - a scroll of acquirement {unknown}
 d - 7 scrolls of identify {unknown}
 e - a scroll of vulnerability {unknown}
 f - a scroll of noise {unknown}
 l - 3 scrolls of fog {unknown}
 n - a scroll of enchant armour {unknown}
Potions
 h - a potion of attraction {unknown}
 j - a potion of curing {unknown}


   Skills:
 * Level 2.4 Fighting
 * Level 2.6 Dodging
 - Level 1.5 Stealth
 * Level 3.8 Spellcasting
 * Level 3.8 Conjurations
 * Level 3.8 Hexes
 * Level 3.8 Summonings
 * Level 3.8 Necromancy
 * Level 3.8 Translocations
 * Level 3.8 Fire Magic
 * Level 3.8 Ice Magic
 * Level 3.8 Air Magic
 * Level 3.8 Earth Magic
 * Level 3.8 Alchemy


You knew the following spells:

 Your Spells              Type           Power      Damage    Failure   Level
a - Shock                 Conj/Air       96%        1d9       1%          1
b - Static Discharge      Conj/Air       48%        3-5/arc   3%          2
c - Swiftness             Air            24%        N/A       6%          3
d - Airstrike             Air            12%        2d(2-18)  19%         4
e - Necrotise             Necr           96%        1d8       1%          1
Your spell library was empty.

Dungeon Overview and Level Annotations

Branches:
Dungeon (3/15)

Altars:
Uskayaw
Wu Jian

Shops:
D:2 [((=

Annotations:
D:3 Jessica


Innate Abilities, Weirdness & Mutations

You are immune to sickness and miasma.
You are immune to poison.
Your flesh is very heat resistant. (rF++)
You are vulnerable to cold. (rC-)
You float through the air rather than walking.
You learn spells naturally, not from books.
Your magical power is your life essence.
You have superior vitality. (+4 MHP)


Message History

Confirm with . or Enter, or press ? or * to list all spells.
Aiming: Shock (safe; 1% risk of failure)
Press: ? - help, Shift-Dir - straight line, f - endoplasm
Aim: an endoplasm (asleep, 100% to hit)
The zap hits the endoplasm.
The endoplasm is almost dead.
The endoplasm quivers.
Casting: Shock (safe; 1% risk of failure)
Confirm with . or Enter, or press ? or * to list all spells.
Aiming: Shock (safe; 1% risk of failure)
Press: ? - help, Shift-Dir - straight line, f/p - endoplasm
Aim: an endoplasm (almost dead, 98% to hit)
The zap hits the endoplasm.
You kill the endoplasm!
The Council accepts your kill.
Casting: Shock (safe; 1% risk of failure)
Confirm with . or Enter, or press ? or * to list all spells.
You can't see any susceptible monsters within range! (Use Z to cast anyway.)
Casting: Shock (safe; 1% risk of failure)
Confirm with . or Enter, or press ? or * to list all spells.
You can't see any susceptible monsters within range! (Use Z to cast anyway.) As you open the door, it creaks loudly!
A centaur comes into view.
Casting: Shock (safe; 1% risk of failure)
Confirm with . or Enter, or press ? or * to list all spells.
Aiming: Shock (safe; 1% risk of failure)
Press: ? - help, Shift-Dir - straight line, f - centaur
Aim: a centaur (asleep, 100% to hit)
The zap hits the centaur but does no damage.
The centaur shouts!
The centaur wields a +0 orcbow.
The centaur shoots an arrow.
The arrow hits you!
The centaur shoots an arrow.
The arrow hits you!
* * * LOW HITPOINT WARNING * * *
Casting: Shock (safe; 1% risk of failure)
Confirm with . or Enter, or press ? or * to list all spells.
You feel quick.
* * * LOW HITPOINT WARNING * * *
The centaur shoots an arrow.
The arrow hits you!
You die...

.. ## #...#####.#... ###### .c .#
#...# #.#..# .<.>.# #. .# #...#
#.#..# .....# #.#.#
######...#####.#..# .....# #...#
..................# ....... ...
................... .....### #.#
...............(#.# .....#
###c#########..>#######..#
########........@........# ##.#
#...#########......# ##.#
#####.###..##(((##.)...# #.#.
#.....#...##(#(#.#...### ##.#
#.###.'._.#.((#(.#...########.#
###.#...##.#.#.#.........##.#
#...###..##...##..#.####.#.<.
##.#.#...#########....)...#.#)#.
............................)†...


You could see a centaur and 8 dancing weapons.

Vanquished Creatures
  An orc wizard (D:3)
  3 dart slugs
  A ribbon worm (D:2)
  4 orcs (D:3)
  3 ball pythons
  6 bats
  5 endoplasms
  3 giant cockroaches
  4 goblins
  5 hobgoblins
  2 jackals (D:1)
  4 kobolds
  4 quokkas
  3 frilled lizards
  A rat (D:1)
49 creatures vanquished.

Notes
Turn   | Place    | Note
-------+----------+-------------------------------------------
     0 | D:1      | Banquo the Djinni Air Elementalist began the quest for the
                  | Orb.
     0 | D:1      | Banquo set off with the following spells memorised: Shock,
                  | Static Discharge, Swiftness, Airstrike.
     0 | D:1      | Reached XP level 1. HP: 15/15 MP: 0/0
   153 | D:1      | Reached XP level 2. HP: 21/22 MP: 0/0
   155 | D:1      | Reached skill level 1 in Fighting
   414 | D:1      | Reached XP level 3. HP: 22/27 MP: 0/0
   414 | D:1      | Learned a level 1 spell: Necrotise
   781 | D:2      | Found Enicw's Armour Shop.
   781 | D:2      | Found Yweon's Weapon Shop.
  1021 | D:2      | Found a faded altar of an unknown god.
  1027 | D:2      | Prayed at the altar of an unknown god.
  1027 | D:2      | Became a worshipper of the Wu Jian Council
  1027 | D:2      | Reached * piety under Wu Jian
  1175 | D:2      | Reached XP level 4. HP: 31/33 MP: 0/0
  1216 | D:2      | Found Icoemus's Jewellery Shop.
  1409 | D:2      | Found Goyj's Antique Weapon Shoppe.
  1603 | D:3      | Noticed Jessica
  1675 | D:3      | Noticed a +0 spear
  1675 | D:3      | Noticed a +0 dagger
  1675 | D:3      | Noticed a +0 spear
  1676 | D:3      | Noticed a +0 falchion
  1676 | D:3      | Noticed a +0 short sword
  1678 | D:3      | Noticed a +0 dagger
  1680 | D:3      | Noticed a +0 falchion
  1681 | D:3      | Noticed a +0 short sword
  1734 | D:3      | Found a hide-covered altar of Uskayaw.
  1775 | D:3      | Noticed a centaur
  1783 | D:3      | Shot with an arrow by a centaur

Illustrated notes

Levels and vault maps discovered:
D:1:      lemuel_arrival_rhombus, layout_rooms
D:2:      layout_rooms, dreamdust_ecumenical_altar_angels_and_demons,
          serial_shops, shop, shop, nicolae_shop_hallway_plus, shop,
          nicolae_titane
D:3:      layout_loops_cross, nicolae_uskayaw_en_pointe, uniq_jessica

Skill      XL: |  1  2  3 |
---------------+----------+-----
Fighting       | 1 2 |  2.4
Dodging        | |  2.6
Stealth        | |  1.5
Spellcasting   | |  3.8
Conjurations   | |  3.8
Hexes          | |  3.8
Summonings     | |  3.8
Necromancy     | |  3.8
Translocations | |  3.8
Fire Magic     | |  3.8
Ice Magic      | |  3.8
Air Magic      | |  3.8
Earth Magic    | |  3.8
Alchemy        | |  3.8

Action                     |  1- 3 |  4- 6 || total
---------------------------+-------+-------++-------
   Cast: Shock             |    88 |    26 ||   114
         Swiftness         |       |     1 ||     1
 Armour: Robe              |     6 |     3 ||     9
  Dodge: Dodged            |     3 |       ||     3
         Repelled          |     1 |       ||     1

Table legend: (Time is in decaauts)
 A = Elapsed time spent in this place.
 B = Non-inter-level travel time spent in this place.
 C = Inter-level travel time spent in this place.
 D = Time resting spent in this place.
 E = Time spent auto-exploring this place.
 F = Levels seen in this place.
 G = Mean time per level.
                   A        B        C        D        E       F      G
               +--------+--------+--------+--------+--------+-----+--------+
         Total |   1780 |   1625 |    155 |      9 |   1339 |   3 |  593.3 |
       Dungeon |   1780 |   1625 |    155 |      9 |   1339 |   3 |  593.3 |
               +--------+--------+--------+--------+--------+-----+--------+

Top non-repeatable levels by time:
     D:1: 792 daAuts
     D:2: 720 daAuts
     D:3: 268 daAuts
